AoeStats
← mricardo96

Golden Pit

508766064Analyzed
1v1 RM · 9d ago on Sep 24, 2026· 27m 13s· 2 players
Game mode
Random Map
Map size
Tiny (2 player)
Population
200
Speed
Normal
Resources
Standard
Victory
Conquest
Starting age
Dark Age
Ending age
Imperial Age
RankedLock teamsTeams togetherTeam positionsShared explorationLock speedFull tech treeHidden civsTurbo modeCheats
Victory
Defeat
🇺🇸 Franks · United States
743
+41
🇳🇱 Hindustanis · Netherlands
768
-17
certaingoosetragedy
11:00 Feudal Age
17:03 Castle Age
16:23 Double-Bit Axe
22:15 Scale Barding Armor
mricardo96
8:21 Loom
11:56 Feudal Age
12:30 Double-Bit Axe
14:40 Wheelbarrow
17:48 Town Watch
24:09 Bloodlines
Connection lost

Rejoining the realm…

Still unreachable

The connection could not be restored.

Session expired

The server has moved on; the page needs a fresh start.